 Dungeon Crawl Stone Soup version 0.31-a0-187-gba352fbbf7 (webtiles) character file.

Game seed: 12112489768789253562

111 Drazool the Shooter (level 4, -5/26 HPs)
             Began as a Tengu Hunter on June 22, 2023.
             Was an Initiate of the Shining One.
             Slain by a water moccasin (8 damage)
             ... on level 3 of the Dungeon.
             The game lasted 00:07:12 (2020 turns).

Drazool the Shooter (Tengu Hunter)                  Turns: 2020, Time: 00:07:13

Health: -5/26      AC:  5    Str: 17    XL:     4   Next: 92%
Magic:  5/5        EV: 13    Int:  9    God:    the Shining One [......]
Gold:   147        SH:  0    Dex: 20    Spells: 3/3 levels left

rFire   . . .        a - +0 shortbow
rCold   . . .        (shield currently unavailable)
rNeg    . . .        c - +0 leather armour
rPois   .            (helmet restricted)
rElec   .            (no cloak)
rCorr   .            k - +1 pair of gloves
SInv    .            (boots unavailable)
Will    .....        (no amulet)
Stlth   +            S - +6 ring of strength
HPRegen 0.24/turn    (no ring)
MPRegen 0.09/turn

%: no passive effects
@: glowing
A: beak, talons 3
a: Renounce Religion


You were on level 3 of the Dungeon.
You worshipped the Shining One.
The Shining One was noncommittal.
You visited 1 branch of the dungeon, and saw 3 of its levels.

You collected 147 gold pieces.


Innate Abilities, Weirdness & Mutations

You have a beak for a mouth.
You have claws for feet.


   Skills:
 - Level 2.0 Fighting
 * Level 6.3 Ranged Weapons
 + Level 3.0 Dodging
 - Level 1.0 Stealth


You had 3 spell levels left.
You didn't know any spells.
Your spell library contained the following spells:

 Spells                   Type           Power      Damage    Failure   Level
 Beastly Appendage        Tmut           0%         N/A       45%         1
 Wereblood                Tmut           0%         N/A       58%         2
 Spider Form              Tmut/Pois      0%         N/A       83%         3
 Vhi's Electric Charge    Tloc/Air       0%         N/A       83%         3
 Arcjolt                  Conj/Air       0%         1d10      100%        5
 Maxwell's Capacitive Co  Air            0%         ∞         100%        8

Inventory:

Hand Weapons
 a - a +0 shortbow (weapon)
Armour
 c - a +0 leather armour (worn)
 k - a +1 pair of gloves (worn)
Jewellery
 S - a +6 ring of strength (left hand)
Scrolls
 d - a scroll of enchant weapon {unknown}
 e - a scroll of revelation {unknown}
 f - a scroll of poison
 i - 2 scrolls of fog {unknown}
Potions
 h - a potion of curing {unknown}
 j - a potion of cancellation {unknown}

Dungeon Overview and Level Annotations

Branches:
Dungeon (3/15)

Altars:
Sif Muna
The Shining One

#.Sb##..P~♣PP♣~~.###.#..
#b####...~P~P~P......#..
#. #..b#.~P~P##.......
#b #..b##PPP###....#.#
#b #...###########.#..
#. ####b...)....)).)..
#.#######.##########.#..
#.#....[#.##.#### #....
+....@Sb......# ###.#
#.....##...##.######.#
#.....##.####.........
#.....##.#.....#####.#
#.....##.#............
########.#.....###...#
#.#............
#..........)##.
♣♣♣#####...<.......##.


You could see a water moccasin (ally target).


Message History

The arrow barely misses the water moccasin.
The water moccasin barely misses you.
Unknown command.
You shoot an arrow.
The arrow hits the water moccasin but does no damage.
The water moccasin is lightly wounded.
The water moccasin bites you.
* * * LOW HITPOINT WARNING * * *
The water moccasin closely misses you.
Unknown command.
You shoot an arrow.
The arrow hits the water moccasin but does no damage.
The water moccasin is lightly wounded.
The water moccasin bites you.
* * * LOW HITPOINT WARNING * * *
The water moccasin closely misses you.
Unknown command.
You shoot an arrow.
The arrow closely misses the water moccasin.
The water moccasin misses you.
Unknown command.
You shoot an arrow. The arrow misses the water moccasin.
The water moccasin bites you but does no damage.
The water moccasin bites you.
* * * LOW HITPOINT WARNING * * *
Unknown command.
You shoot an arrow.
The arrow closely misses the water moccasin.
The water moccasin bites you!
You die...

Skill      XL: |  1  2  3  4 |
---------------+-------------+-----
Ranged Weapons | 5 6 |  6.3
Dodging        | 3 |  3.0
Fighting       | |  2.0
Stealth        | |  1.0

Action                     |  1- 3 |  4- 6 || total
---------------------------+-------+-------++-------
   Fire: Shortbow          |   108 |    78 ||   186
    Use: Scroll            |     2 |     2 ||     4
 Armour: Leather armour    |    13 |     5 ||    18
  Dodge: Dodged            |    26 |    15 ||    41

Levels and vault maps discovered:
D:1:      minmay_arrival_radiant_lines, layout_loops_ring
D:2:      layout_rooms, kennysheep_generic_room_3
D:3:      layout_basic, grunt_temple_overflow_open, serial_bayou,
          serial_bayou_shore_b, serial_bayou_pond_c, serial_bayou_shore_a,
          serial_bayou_pond_d

Notes
Turn   | Place    | Note
-------+----------+-------------------------------------------
     0 | D:1      | Drazool the Tengu Hunter began the quest for the Orb.
     0 | D:1      | Reached XP level 1. HP: 12/12 MP: 2/2
   153 | D:1      | Reached XP level 2. HP: 9/17 MP: 3/3
   325 | D:1      | Reached skill level 5 in Ranged Weapons
   873 | D:2      | Reached XP level 3. HP: 17/21 MP: 4/4
  1252 | D:2      | Reached XP level 4. HP: 26/26 MP: 5/5
  1412 | D:3      | Reached skill level 6 in Ranged Weapons
  1503 | D:3      | Found a glowing golden altar of the Shining One.
  1509 | D:3      | Found a shimmering blue altar of Sif Muna.
  1516 | D:3      | Became a worshipper of the Shining One
  1807 | D:3      | Reached skill level 3 in Dodging
  1994 | D:3      | Noticed a water moccasin
  2019 | D:3      | HP: 2/26 [water moccasin (3)]
  2020 | D:3      | Slain by a water moccasin

Vanquished Creatures
  An iguana (D:3)
  An adder (D:2)
  A worm (D:2)
  5 dart slugs
  4 orcs (D:3)
  5 endoplasms
  2 giant cockroaches
  3 goblins
  4 hobgoblins
  3 jackals (D:2)
  4 kobolds
  3 quokkas
  5 ball pythons
  7 bats
  3 frilled lizards
  5 rats
56 creatures vanquished.

Table legend: (Time is in decaauts)
 A = Elapsed time spent in this place.
 B = Non-inter-level travel time spent in this place.
 C = Inter-level travel time spent in this place.
 D = Time resting spent in this place.
 E = Time spent auto-exploring this place.
 F = Levels seen in this place.
 G = Mean time per level.
                   A        B        C        D        E       F      G
               +--------+--------+--------+--------+--------+-----+--------+
         Total |   2068 |   1991 |     77 |      0 |   1599 |   3 |  689.3 |
       Dungeon |   2068 |   1991 |     77 |      0 |   1599 |   3 |  689.3 |
               +--------+--------+--------+--------+--------+-----+--------+

Top non-repeatable levels by time:
     D:1: 798 daAuts
     D:3: 689 daAuts
     D:2: 580 daAuts

Table legend:
 A = Non-vault XP
 B = Vault XP
 C = Vault XP percentage of total XP
 D = Non-vault monster count
 E = Vault monster count
 F = Vault count percentage of total count
                 A         B        C        D         E       F
            +---------+---------+-------+---------+---------+-------
      Total |     158 |       1 |   0.6 |      55 |       1 |   1.8
            +---------+---------+-------+---------+---------+-------
        D:1 |      28 |       0 |   0.0 |      17 |       0 |   0.0
        D:2 |      53 |       1 |   1.9 |      19 |       1 |   5.0
        D:3 |      77 |       0 |   0.0 |      19 |       0 |   0.0
            +---------+---------+-------+---------+---------+-------
